Map: Lerilak Crest

Players

LilDicky - Winner!

  • Race: Terran Terran
  • League: Diamond

Raynor

  • Race: Zerg Zerg
  • League: Platinum

VOD

http://www.twitch.tv/tumescentpie

Description

Time

  • Played on: Nov. 30, 2015, 2:36 p.m.
  • Length: 23:56
Show
View Real Time Build Order
Export as new Build Order

LilDicky Terran - Winner!

Build Orders: Reaper Expand 

Get SALT Encoding   

  12  0:02  SCV  
  13  0:14  SCV  
  14  0:26  Supply Depot, SCV  
  15  0:41  Refinery  
  15  0:47  SCV  
  16  0:52  Barracks  
  16  0:59  SCV  
  17  1:24  SCV  
  19  1:40  Reaper  
  19  1:44  Orbital Command  
  19  1:46  Command Center  
  19  1:47  Refinery  
  19  2:07  Supply Depot  
  19  2:27  Barracks Tech Lab  
  19  2:32  SCV  
  19  2:34  Factory  
  20  2:44  SCV  
  21  2:56  SCV  
  22  3:09  Orbital Command  
  22  3:11  Marine  
  23  3:23  Siege Tank  
  26  3:30  Command Center, SCV  
  28  3:34  Barracks Reactor  
  28  3:35  SCV  
  28  3:42  SCV  
  29  3:53  Starport  
  27  4:03  Siege Tank  
  30  4:16  SCV x2, Liberator  
  32  4:26  Bunker  
  32  4:28  SCV  
  32  4:29  SCV  
  32  4:30  Marine x2  
  35  4:50  Siege Tank  
  35  4:52  Orbital Command  
  37  5:00  Marine x2, Orbital Command  
  37  5:01  SCV  
  40  5:16  SCV  
  41  5:32  SCV  
  41  5:34  SCV  
  42  5:36  Starport Reactor  
  42  5:39  SCV  
  42  5:41  Command Center x2  
  43  5:44  SCV  
  44  6:23  Orbital Command  
  44  6:36  Engineering Bay  
  44  6:37  SCV x2  
  44  6:39  Hellion x2  
  50  6:40  Banshee  
  50  6:41  Cloaking Field  
  53  6:49  SCV x3  
  53  6:52  Marine x2  
  58  6:55  SCV  
  58  6:57  Refinery  
  58  7:00  Widow Mine x2  
  58  7:01  SCV x2  
  64  7:02  Refinery  
  65  7:12  Missile Turret, Orbital Command x2  
  65  7:15  SCV  
  65  7:16  SCV x2  
  65  7:17  Marine  
  69  7:28  SCV x3  
  72  7:32  Banshee  
  72  7:34  Missile Turret  
  67  7:49  SCV x3  
  70  7:56  SCV  
  71  8:02  Corvid Reactor  
  71  8:03  SCV x2  
  71  8:05  Missile Turret  
  73  8:09  Marine  
  73  8:10  Marine  
  72  8:17  SCV  
  72  8:19  SCV x2  
  75  8:21  SCV, Starport  
  75  8:24  Orbital Command  
  75  8:25  Factory Tech Lab  
  77  8:28  Marine x2  
  77  8:29  SCV  
  77  8:31  SCV  
  80  8:41  Raven  
  80  8:47  SCV x2  
  80  8:48  Siege Tank  
  87  8:57  Terran Infantry Weapons Level 1, Marine  
  87  8:58  Marine  
  89  9:03  SCV x2  
  89  9:04  SCV x3, Missile Turret  
  94  9:15  SCV x2  
  94  9:16  SCV x2  
  98  9:22  Liberator x2  
  98  9:24  Missile Turret  
  98  9:25  Refinery  
  98  9:26  SCV  
  98  9:29  Orbital Command  
  99  9:33  Command Center, Marine  
  99  9:34  Marine  
  99  9:36  Refinery  
  99  9:41  Supply Depot x2  
  99  9:42  Supply Depot  
  105  9:45  Barracks  
  105  9:46  Barracks x2  
  105  9:47  Barracks  
  105  9:51  Missile Turret  
  105  9:54  Supply Depot  
  105  10:00  SCV  
  105  10:03  Siege Tank  
  109  10:08  Banshee  
  109  10:09  SCV x3  
  109  10:10  SCV  
  109  10:13  Marine x2  
  118  10:17  Engineering Bay x2  
  118  10:26  SCV  
  118  10:27  SCV  
  120  10:28  Command Center  
  120  10:32  Supply Depot  
  120  10:35  SCV  
  121  10:48  Missile Turret x2  
  121  10:49  Missile Turret  
  121  10:51  Terran Infantry Armor Level 1  
  115  11:07  Missile Turret x2  
  115  11:08  Missile Turret x2  
  115  11:17  SCV  
  116  11:20  Marine  
  116  11:21  Barracks Tech Lab, Marine x3  
  120  11:27  Building Armor, Hi-Sec Auto Tracking  
  120  11:28  Barracks Tech Lab  
  120  11:31  Armory  
  120  11:33  Armory  
  120  11:54  Refinery  
  120  11:56  Refinery  
  120  11:59  SCV x3, Liberator x3  
  120  12:01  Marine x2  
  123  12:02  Barracks Reactor  
  123  12:04  Barracks Reactor, Missile Turret x2  
  123  12:05  Missile Turret x3  
  123  12:06  Combat Shields, Stimpack, Missile Turret  
  123  12:08  Marine x2  
  125  12:19  Marine x2  
  125  12:20  Siege Tank  
  139  12:26  Marine  
  139  12:28  Missile Turret  
  139  12:29  Missile Turret  
  140  12:31  Missile Turret  
  140  12:33  Marine  
  140  12:37  Marine x2  
  143  12:46  Marine x2  
  143  12:47  Marauder  
  143  12:50  Planetary Fortress  
  147  12:51  Marauder  
  149  13:01  Planetary Fortress  
  149  13:07  Refinery  
  149  13:08  Marauder  
  149  13:09  Command Center, Refinery, Missile Turret  
  149  13:10  Missile Turret  
  149  13:12  Missile Turret, Marine  
  151  13:13  Marauder, Marine  
  151  13:14  Missile Turret  
  151  13:19  Command Center  
  155  13:23  Supply Depot, Missile Turret  
  155  13:24  Missile Turret x2  
  155  13:26  Siege Tank  
  158  13:30  Marauder  
  158  13:32  Factory, Terran Infantry Weapons Level 2, Terran Infantry Armor Level 2  
  158  13:34  Terran Vehicle And Ship Armor Level 1, Terran Ship Weapons Level 1  
  160  13:36  Starport  
  160  13:37  Starport, Liberator x2  
  160  13:39  Armory  
  160  13:42  Fusion Core  
  160  13:44  Marine  
  160  13:45  Marine x4  
  160  13:46  Marauder  
  167  13:51  Marauder  
  167  13:53  Banshee  
  178  14:00  Missile Turret  
  178  14:01  Missile Turret  
  178  14:06  Missile Turret  
  178  14:07  Marauder  
  180  14:12  Marauder  
  181  14:17  Missile Turret  
  181  14:22  Missile Turret x2  
  181  14:23  Missile Turret x3  
  180  14:28  Marauder  
  181  14:34  Marauder  
  144  15:01  Marine  
  144  15:02  Marauder  
  144  15:03  Marine, Marauder  
  144  15:04  Marine x4  
  129  15:08  Starport Reactor x2  
  129  15:10  Viking x3  
  129  15:12  Factory Tech Lab  
  135  15:14  Supply Depot  
  135  15:15  Supply Depot  
  135  15:19  Marine  
  135  15:21  Marine x4  
  135  15:22  Marine  
  135  15:24  Marauder x2  
  135  15:28  Liberator x2  
  136  15:37  Marine  
  136  15:39  Marine  
  136  15:41  Marine  
  136  15:42  Marine x3  
  142  15:45  Banshee, Marauder, Marine  
  154  15:55  Marine  
  154  15:56  Missile Turret, Marine  
  156  15:58  Missile Turret  
  156  15:59  Command Center, Missile Turret x2, Marine  
  156  16:00  Planetary Fortress, Liberator, Marine x3  
  156  16:03  Marine  
  155  16:06  Marine  
  156  16:13  Marine  
  156  16:15  Planetary Fortress  
  156  16:17  Command Center  
  160  16:19  Missile Turret  
  160  16:28  Banshee  
  160  16:32  Liberator x3  
  157  16:33  Liberator x2  
  141  16:46  Marine  
  142  16:47  Marauder  
  142  16:51  Thor x2  
  142  16:52  SCV  
  170  16:56  Missile Turret  
  170  17:02  Refinery  
  170  17:03  Missile Turret  
  170  17:11  SCV, Banshee  
  170  17:12  Marine  
  170  17:13  Marauder  
  177  17:21  Hyperflight Rotors  
  177  17:25  Starport  
  177  17:27  Medivac  
  177  17:28  Starport, Marine x2  
  177  17:29  Marauder  
  183  17:30  Terran Infantry Weapons Level 3, Terran Infantry Armor Level 3  
  183  17:32  Terran Ship Weapons Level 2, Terran Vehicle And Ship Armor Level 2, Medivac, Terran Vehicle Weapons Level 1  
  183  17:34  Thor, Behemoth Reactor  
  191  17:37  Refinery  
  191  17:38  Marine  
  191  17:39  Command Center, Marine, Marauder  
  191  17:40  Marine  
  193  17:45  Missile Turret  
  193  17:46  Refinery, Missile Turret  
  193  17:50  Marauder  
  195  17:54  Missile Turret  
  195  17:56  Missile Turret  
  195  17:59  Missile Turret  
  195  18:02  Planetary Fortress  
  195  18:15  Missile Turret  
  195  18:17  Missile Turret  
  195  18:41  Medivac x3  
  137  19:38  Marine  
  123  19:39  Marauder x2, Marine x2  
  122  20:04  Liberator x2  
  122  20:06  Marine x2  
  124  20:07  Marauder  
  124  20:08  Marauder  
  124  20:11  Marine  
  124  20:12  Marine  
  127  20:15  Marine x2  
  127  20:19  Planetary Fortress  
  127  20:20  Banshee  
  126  20:22  Thor x2  
  126  20:24  Marine x2  
  140  20:28  Marine  
  140  20:29  Marine, Marauder  
  140  20:30  Marine  
  140  20:33  Marine x2  
  147  20:40  Missile Turret  
  147  20:42  Marine x2  
  149  20:43  Viking x4  
  149  20:46  Marine  
  149  20:47  Marine  
  149  20:48  Marine  
  157  20:50  Marine, Marauder  
  157  20:51  Marine  
  161  21:00  Marine x2  
  161  21:03  Banshee  
  166  21:04  Viking, Marine  
  166  21:05  Thor x2, Marine  
  166  21:06  Marine  
  166  21:08  Marine  
  166  21:09  Marine  
  185  21:12  Marauder  
  185  21:17  Marine x2  
  168  21:22  Marauder  
  168  21:23  Marine x2  
  172  21:26  Marine  
  172  21:27  Marine  
  168  21:33  Marauder  
  168  21:35  Marine x2  
  168  21:40  Marine  
  168  21:41  Marine  
  168  21:44  Marine x2, Marauder  
  168  21:46  Banshee  
  175  21:53  Marine  
  175  21:54  Marauder  
  175  21:58  Marine  
  176  22:05  Marauder  
  172  22:12  Marine  
  169  22:16  Missile Turret, Marauder  
  164  22:26  Marauder  
  164  22:29  Banshee, Marine  
  167  22:31  Marine  
  167  22:37  Marauder  
  167  22:39  Medivac x3  
  167  22:44  Siege Tank  
  178  22:48  Marauder  
  180  22:55  Missile Turret  
  180  22:58  Marauder  
  180  22:59  Marine x3  
  185  23:09  Marauder  
  185  23:12  Banshee  
  192  23:20  Marauder  
Show
View Real Time Build Order
Export as new Build Order

Raynor Zerg 

Build Orders: Hatch First 

Get SALT Encoding   

  12  0:00  Drone  
  13  0:12  Overlord  
  13  0:17  Drone  
  14  0:30  Drone  
  14  0:31  Drone  
  16  0:53  Hatchery  
  15  1:01  Extractor  
  14  1:07  Spawning Pool  
  13  1:13  Drone  
  13  1:14  Drone  
  15  1:18  Drone  
  16  1:26  Drone  
  17  1:35  Drone  
  18  1:46  Drone  
  19  1:57  Queen  
  21  2:02  Metabolic Boost  
  21  2:04  Zergling x2  
  22  2:08  Queen  
  24  2:17  Extractor  
  24  2:21  Zergling x2  
  24  2:26  Drone  
  25  2:32  Drone  
  26  2:40  Burrow  
  26  2:44  Queen  
  26  2:51  Overlord  
  28  2:57  Overlord  
  28  2:59  Overlord  
  28  3:11  Drone  
  29  3:13  Drone x3  
  29  3:14  Drone  
  29  3:19  Drone  
  34  3:30  Drone x3  
  34  3:31  Drone  
  38  3:37  Zergling x4  
  40  3:50  Zergling x10  
  44  4:05  Zergling x8  
  44  4:06  Zergling x2  
  49  4:10  Baneling Nest  
  48  4:17  Zergling x4  
  48  4:19  Drone  
  51  4:27  Zergling x2  
  50  4:41  Zergling x2  
  50  4:42  Zergling x4  
  51  4:49  Lair  
  51  4:52  Overlord x2, Drone, Extractor  
  51  5:00  Baneling x4  
  51  5:06  Baneling x2  
  51  5:09  Drone  
  51  5:10  Overlord x3  
  51  5:14  Zergling x4  
  54  5:22  Evolution Chamber  
  52  5:43  Baneling  
  52  5:44  Baneling  
  52  5:45  Zergling x8  
  52  5:46  Zergling x2  
  52  5:47  Spore Crawler  
  56  5:53  Drone  
  56  5:56  Drone x3, Spire  
  59  5:59  Hatchery  
  59  6:02  Drone  
  55  6:17  Zergling x4  
  53  6:18  Zergling x4  
  53  6:19  Zergling x2  
  53  6:22  Drone, Extractor  
  53  6:23  Drone x3, Extractor  
  57  6:27  Zerg Melee Weapons Level 1  
  57  6:33  Drone  
  57  6:37  Spore Crawler  
  57  6:55  Zergling x2  
  57  6:56  Zergling x18  
  67  7:06  Drone  
  67  7:07  Drone  
  68  7:11  Zerg Flyer Weapons Level 1, Drone  
  68  7:13  Centrifical Hooks  
  69  7:19  Corruptor  
  69  7:21  Drone x2  
  69  7:22  Drone  
  74  7:25  Drone  
  74  7:26  Baneling x3  
  74  7:27  Drone  
  74  7:29  Drone  
  75  7:51  Corruptor x3  
  75  7:58  Infestation Pit  
  80  7:59  Zergling x6  
  83  8:12  Corruptor x2  
  86  8:19  Evolution Chamber  
  85  8:26  Zerg Ground Armor Level 1  
  86  8:27  Drone x2  
  86  8:28  Drone  
  86  8:30  Drone  
  89  8:46  Drone x2  
  89  8:47  Drone x6  
  97  8:52  Overseer  
  97  8:53  Overseer  
  97  8:54  Pneumatized Carapace  
  97  8:59  Overlord x2  
  97  9:06  Hive  
  97  9:17  Overlord, Zergling x4  
  97  9:18  Overlord  
  99  9:29  Overlord, Corruptor x2  
  99  9:30  Corruptor  
  102  9:45  Drone x7  
  108  9:50  Extractor, Zerg Melee Weapons Level 2  
  108  9:51  Pathogen Glands  
  108  9:57  Extractor  
  107  10:11  Overseer  
  107  10:13  Overseer  
  107  10:17  Spore Crawler  
  106  10:27  Greater Spire  
  106  10:34  Spore Crawler  
  105  10:55  Corruptor x5  
  105  10:56  Corruptor x3  
  121  11:10  Corruptor  
  121  11:11  Corruptor x2  
  127  11:21  Zergling x16  
  127  11:24  Queen  
  137  11:30  Hatchery  
  137  11:32  Hatchery  
  135  11:54  Zerg Flyer Armor Level 1  
  135  11:56  Zerg Ground Armor Level 2  
  135  11:57  Adrenal Glands  
  135  12:02  Overlord x4  
  135  12:03  Overlord  
  135  12:08  Zergling x4  
  136  12:09  Overlord x2  
  137  12:35  Corruptor x3  
  137  12:36  Corruptor x5  
  149  12:44  Drone  
  149  12:45  Drone x4  
  149  12:46  Drone  
  155  12:58  Drone x3, Extractor  
  156  13:00  Brood Lord  
  156  13:02  Extractor  
  156  13:03  Brood Lord  
  160  13:20  Corruptor  
  160  13:21  Corruptor  
  160  13:23  Corruptor  
  166  13:38  Drone x2  
  168  13:48  Zerg Flyer Weapons Level 2  
  168  13:50  Hatchery  
  167  14:02  Brood Lord x2  
  171  14:03  Brood Lord  
  171  14:04  Baneling x6  
  171  14:05  Baneling x2  
  171  14:06  Baneling x3  
  173  14:12  Baneling x2  
  173  14:13  Baneling x5  
  173  14:16  Baneling x5  
  173  14:17  Baneling x6  
  167  14:35  Zergling x26  
  167  14:36  Zergling x24  
  166  15:03  Zergling x2  
  166  15:04  Zergling x28  
  170  15:09  Zergling x8  
  174  15:21  Zergling x8  
  168  15:25  Zergling x2  
  134  15:40  Mutalisk  
  134  15:41  Mutalisk x6  
  141  15:50  Drone  
  141  15:51  Drone x2  
  144  15:59  Hatchery  
  141  16:06  Mutalisk  
  141  16:07  Mutalisk x6  
  155  16:21  Hatchery  
  116  16:43  Zergling x10  
  116  16:44  Zergling x8  
  112  16:57  Zergling x10  
  112  16:58  Zergling x2  
  118  17:17  Baneling  
  118  17:18  Baneling x7  
  118  17:19  Baneling  
  118  17:22  Baneling x3  
  118  17:23  Baneling x5  
  118  17:41  Corruptor x4  
  126  17:45  Drone  
  126  17:46  Drone  
  128  18:00  Overlord  
  128  18:02  Zergling x18  
  128  18:03  Zergling x2  
  138  18:09  Zergling x8  
  138  18:10  Baneling  
  138  18:11  Baneling x2  
  142  18:27  Zergling x12  
  142  18:28  Zergling x12  
  153  18:52  Baneling x9  
  153  19:04  Baneling  
  153  19:05  Baneling x6  
  149  19:31  Zergling x34  
  125  19:32  Zergling x8  
  129  20:07  Mutalisk x12  
  129  20:10  Hatchery  
  129  20:12  Baneling x3  
  129  20:13  Baneling  
  146  20:22  Zergling x6  
  145  20:33  Corruptor  
  147  20:55  Baneling x4  
  147  20:56  Baneling x7  
  147  20:57  Baneling  
  144  21:00  Extractor  
  138  21:04  Extractor  
  135  21:19  Baneling x2  
  135  21:20  Baneling  
  120  21:44  Zergling x2  
  120  21:45  Zergling x22  
  99  22:06  Mutalisk  
  99  22:07  Mutalisk x2  
  97  22:16  Drone x2  
  97  22:17  Drone  
  99  22:26  Drone  
  99  22:27  Drone x2  
  102  22:31  Drone  
  103  23:00  Mutalisk x2  
  108  23:09  Baneling  
  108  23:10  Baneling x8  
  108  23:11  Baneling  
  104  23:13  Baneling  
  104  23:14  Baneling x3  
  104  23:15  Baneling  
  104  23:17  Baneling  
  100  23:24  Baneling x2  
  100  23:25  Baneling x5  
Tags
 
Add a new tag
Caveats
  • Supply blocks, unpowered buildings, or Contaminate may cause inaccurate times.
  • Supply counts are checked every 10 seconds.